 Dungeon Crawl Stone Soup version 0.18.1-50-g88ac8fd (webtiles) character file.

18 SkinMadness the Skirmisher (level 2, -7/24 HPs)
             Began as a Formicid Abyssal Knight on Oct 27, 2016.
             Was an Initiate of Yredelemnul.
             Mangled by a small abomination (8 damage)
             ... created by the touch of Lugonu
             ... on level 1 of the Dungeon.
             The game lasted 00:08:24 (886 turns).

SkinMadness the Skirmisher (Formicid Abyssal Knight) Turns: 886, Time: 00:08:30

Health: -7/24      AC:  8    Str: 16    XL:     2   Next: 85%
Magic:  4/4        EV:  6    Int: 11    God:    Yredelemnul [......]
Gold:   81         SH:  0    Dex: 10    Spells: 0 memorised, 1 level left

rFire  . . .     SeeInvis +     a - +2 falchion
rCold  . . .     Gourm    .     m - +0 chain mail
rNeg   . . .     Faith    .     (no shield)
rPois  .         Spirit   .     (helmet unavailable)
rElec  .         Dismiss  .     (no cloak)
rCorr  .         Reflect  .     (no gloves)
SustAt .         Harm     .     (no boots)
MR     .....                    (no amulet)
Stlth  ..........               (no ring)
                                (no ring)

@: not resistant to hostile enchantments, extremely unstealthy
A: permanent stasis, dig shafts and tunnels, four strong arms, antennae 3
a: Dig, Shaft Self, Renounce Religion


You were on level 1 of the Dungeon.
You worshipped Yredelemnul.
Yredelemnul was noncommittal.
You were not hungry.

You visited 1 branch of the dungeon, and saw 1 of its levels.
You visited the Abyss 1 time.

You collected 81 gold pieces.

Inventory:

Hand Weapons
 a - a +2 falchion (weapon)
 i - a +0 hand axe
Missiles
 d - 32 stones (quivered)
 e - 48 sling bullets
 l - 4 needles of sleeping
Armour
 b - a +0 leather armour
 f - a +0 scale mail
 h - a +0 ring mail
 j - a +0 chain mail
 m - a +0 chain mail (worn)
Potions
 k - a potion of mutation {unknown}
Comestibles
 c - 2 bread rations
 g - 4 fruits


   Skills:
 - Level 3.2 Fighting
 * Level 2.4 Long Blades
 + Level 2.5 Armour
 - Level 0.8 Dodging
 * Level 2.8 Invocations


You had one spell level left.
You didn't know any spells.

Dungeon Overview and Level Annotations

Branches:
Dungeon (1/15)

Altars:


Innate Abilities, Weirdness & Mutations

You are under a permanent stasis effect.
You can dig through walls and to a lower floor.
Your four strong arms can wield two-handed weapons with a shield.
You have a pair of large antennae on your head (SInv).


Message History

Aim: a small abomination (durably summoned)
You throw a stone.
The stone hits the small abomination but does no damage.
Throwing (i - inventory):
d - 33 stones (quivered)
Press: ? - help, Shift-Dir - straight line, f/p - small abomination
Aim: a small abomination (durably summoned)
You throw a stone.
The stone hits the small abomination but does no damage.
The small abomination hits you but does no damage.
You slash the small abomination!
The small abomination is moderately damaged.
The small abomination hits you!
Your chain mail prevents you from hitting the small abomination.
The small abomination is moderately damaged.
The small abomination hits you!
Ouch! That really hurt!
* * * LOW HITPOINT WARNING * * *
The small abomination hits you!
You die...
Your body rises from the dead as a mindless zombie.

## ### #.. ..# ###.###
#..## ########### #.....#
##.#.##
#.........####.....###
...... #.#
#...............# #...#
#.#
#.##.###........#####..#
#.#
#.##...................###
###.#
#.######.@x((.........)...
)...# ##.##
##.....#######.####
##..###...#
##...########.# #........#
##...........# ##...#...#
############# ###.#####
################### #.#
#.................. #.###
#.#####.##.########
#...#######.# #.##.# ##..


You could see a small abomination.

Vanquished Creatures
  An ooze (D:1)
  3 hobgoblins (D:1)
  4 kobolds (D:1)
  2 bats (D:1)
  2 goblins (D:1)
  A rat (D:1)
  A plant (D:1)
14 creatures vanquished.

Notes
Turn   | Place    | Note
--------------------------------------------------------------
     0 | Abyss:1  | SkinMadness the Formicid Abyssal Knight began the quest for the Orb.
     0 | Abyss:1  | Reached XP level 1. HP: 18/18 MP: 2/2
    36 | Abyss:1  | Found a basalt altar of Yredelemnul.
    42 | Abyss:1  | Fell from the grace of Lugonu
    42 | Abyss:1  | Became a worshipper of Yredelemnul the Dark
    73 | Abyss:1  | Found a corrupted altar of Lugonu.
   119 | Abyss:1  | Noticed a large abomination
   129 | D:1      | Escaped the Abyss
   300 | D:1      | Reached XP level 2. HP: 24/24 MP: 3/3
   881 | D:1      | Noticed a small abomination
   886 | D:1      | HP: 1/24 [small abomination[the touch of Lugonu] (16)]
   886 | D:1      | Mangled by a small abomination

Action                   || total
-------------------------++-------
Melee: Falchion          ||    66
Throw: Stone             ||     4
  Use: Scroll            ||     1
Armor: Leather armour    ||     3
       Chain mail        ||     9
Dodge: Dodged            ||    18
